 Dungeon Crawl Stone Soup version 0.28.0-1-gb440e238dd (webtiles) character file.

Game seed: 16241472135078751290

29334 spaghetti the Brawler (level 13, -5/96 HPs)
             Began as a Demonspawn Berserker on Feb 20, 2022.
             Was an Elder of Trog.
             Slain by a seven-headed hydra (6 damage)
             ... on level 2 of the Lair of Beasts.
             The game lasted 00:23:30 (15176 turns).

spaghetti the Brawler (Demonspawn Berserker)       Turns: 15176, Time: 00:23:31

Health: -5/96      AC: 15    Str: 23    XL:     13   Next: 14%
Magic:  13/13      EV: 14    Int:  8    God:    Trog [****..]
Gold:   1244       SH:  0    Dex: 15    Spells: 12/12 levels left

rFire   . . .      SeeInvis .     - Unarmed
rCold   . . .      Faith    .   (no shield)
rNeg    . . .      Spirit   .   n - +0 troll leather armour
rPois   .          Reflect  .   Q - +1 helmet
rElec   .          Harm     .   (no cloak)
rCorr   .          Rampage  .   I - +0 pair of gloves
Will    .....                   (boots unavailable)
Stlth   ++........              v - amulet of regeneration
HPRegen 1.86/turn               s - +4 ring of protection
MPRegen 0.13/turn               B - +4 ring of protection

@: unable to read
A: hooves 3, thin skeletal structure 1, ignite blood 1, powered by pain 3,
inability to read while threatened
a: Renounce Religion, Berserk, Trog's Hand, Brothers in Arms


You were on level 2 of the Lair of Beasts.
You worshipped Trog.
Trog was greatly pleased with you.
You visited 3 branches of the dungeon, and saw 16 of its levels.

You collected 1626 gold pieces.
You spent 382 gold pieces at shops.

Inventory:

Hand Weapons
 b - a +1 hunting sling of venom
 K - a +0 fustibalus of flaming
Missiles
 l - 244 stones (quivered)
 t - 115 sling bullets
 y - 2 throwing nets
Armour
 n - a +0 troll leather armour (worn)
 q - a +1 animal skin
 A - a +2 robe of positive energy
 I - a +0 pair of gloves (worn)
 N - +0 acid dragon scales
 Q - a +1 helmet (worn)
Jewellery
 g - an amulet of the acrobat
 m - a ring of magical power
 s - a +4 ring of protection (left hand)
 v - an amulet of regeneration (around neck)
 B - a +4 ring of protection (right hand)
 C - a ring of fire
 D - an amulet of reflection
 E - a +6 ring of intelligence
 J - a ring of poison resistance
 L - a ring of see invisible
 M - a ring of fire
 P - a ring of magical power
Wands
 f - a wand of mindburst (16)
 r - a wand of flame (37)
 w - a wand of polymorph (8)
 z - a wand of paralysis (8)
 H - a wand of iceblast (8)
Scrolls
 a - 2 scrolls of fog
 i - a scroll of enchant armour
 o - 3 scrolls of identify
 u - a scroll of magic mapping
 G - 2 scrolls of teleportation
 O - 2 scrolls of fear
 R - a scroll of blinking
Potions
 c - 2 potions of haste
 d - 4 potions of brilliance
 e - 2 potions of cancellation
 h - 4 potions of might
 j - a potion of curing
 k - a potion of attraction
 p - 4 potions of degeneration
 x - a potion of heal wounds
Miscellaneous
 F - a lightning rod (4/4)


   Skills:
 + Level 7.5 Fighting
 - Level 1.7 Armour
 + Level 6.5 Dodging
 - Level 18.0 Unarmed Combat
 - Level 5.0 Evocations


You had 12 spell levels left.
You didn't know any spells.
Your spell library was empty.

Dungeon Overview and Level Annotations

Branches:
Dungeon (12/15)            Temple (0/1) D:4            Lair (2/6) D:9
  Snake (0/4) Lair:2          Orc (2/2) D:9             Elf (0/3) Orc:2
  Swamp: Lair:2-4    Shoals: Lair:2-4

Altars:
Ashenzari
Gozag
Makhleb
Ru
Trog
Uskayaw
Beogh

Shops:
D:1 ?   D:3 *   Orc:2 [(=*

Annotations:
D:10 2 runed translucent doors


Innate Abilities, Weirdness & Mutations

You have hooves in place of feet.
You have a somewhat thin skeletal structure. (Dex +2, Stealth+)
Your demonic aura sometimes causes spilled blood to erupt in flames.
You are powered by pain.
You sometimes lose the ability to read scrolls when taking damage.


Message History

The naga hits you from afar with a +0 trident!
* * * LOW HITPOINT WARNING * * *
The wolf bites you but does no damage. The naga hits you with a +0 hand axe!
* * * LOW HITPOINT WARNING * * *
The naga constricts you. The wolf bites you but does no damage.
The black bear completely misses you.
The black bear claws you but does no damage.
The black bear claws you. The basilisk gazes at you.
You easily resist.
You turn to flesh and can move again.
There is a stone staircase leading up, spattered with blood here.
Unknown command.
Unknown command.
Unknown command.
Unknown command.
You cannot read scrolls in your current state!
Unknown command.
You feel much better. The wolf bites you! The wolf bites you.
The naga hits you from afar with a +0 trident!
* * * LOW HITPOINT WARNING * * *
A wolf comes into view.
The naga hits you with a +0 hand axe!
* * * LOW HITPOINT WARNING * * *
The naga constricts you. The wolf barely misses you.
The black bear barely misses you. The black bear closely misses you.
The black bear claws you but does no damage.
The wolf bites you but does no damage. The basilisk gazes at you.
You easily resist.
Unknown command.
Unknown command.
Unknown command.
Unknown command.
You escape the naga's grasp.
The wolf bites you!
* * * LOW HITPOINT WARNING * * *
The naga misses you. The wolf misses you.
The seven-headed hydra bites you but does no damage.
The seven-headed hydra bites you.
You die...

....# .>
##...##.
#(.....#
....#.##
#......#
#......#
#.hl...#
#h@....##
#DhN....#
#YhN≈≈≈≈≈.#
.Y..≈≈≈≈≈≈≈.
.YY..≈≈≈..≈≈≈≈
Y..Y..≈≈≈...≈.≈≈
.Fh(..≈≈..P.≈..≈
.hY...≈≈.≈.>.≈.≈
......≈≈.≈...P.


You could see a seven-headed hydra, 6 yaks, a basilisk, a black bear, 2 nagas, 5
wolves and a bullfrog (wandering).

Vanquished Creatures
  An orc warlord (Orc:2)
  An ettin (Orc:2)
  The ghost of Arex the Ruffian, a novice TrFi of Yredelemnul (D:10)
  Erica (D:9)
  2 two-headed ogres
  A death knight (D:12)
  A tengu warrior (D:10)
  An orc high priest (Orc:2)
  Nergalle (Orc:2)
  A skeletal warrior (D:12)
  4 ugly things
  3 orc knights (Orc:2)
  A deep elf pyromancer (D:10)
  3 orc sorcerers
  2 cyclopes
  2 manticores (D:12)
  A black mamba (Lair:1)
  3 gargoyles (D:12)
  A kobold demonologist (D:12)
  2 komodo dragons
  6 trolls
  3 polar bears (Lair:1)
  3 hornets
  3 slime creatures (D:12)
  A culicivora (shapeshifter) (D:10)
  A vampire (D:10)
  A shadow (D:12)
  4 wraiths
  6 yaks (D:12)
  A steam dragon (D:10)
  2 basilisks (Lair:1)
  Grum (D:11)
  A vampire mosquito (D:10)
  3 wargs
  3 acid dragons
  5 water moccasins
  18 orc warriors
  An ice beast (D:8)
  2 sky beasts
  A necrophage (D:5)
  4 black bears (Lair:1)
  5 ogres
  8 wolves
  3 phantoms
  2 centaurs
  3 kobold brigands
  6 bullfrogs
  2 scorpions
  A gnoll sergeant (D:8)
  A water moccasin zombie (D:5)
  5 killer bees (D:9)
  2 howler monkeys
  4 wights
  4 centaur zombies
  A hound (D:5)
  A bullfrog skeleton (D:6)
  11 orc priests
  A bullfrog zombie (D:6)
  A gnoll shaman (D:5)
  6 iguanas
  14 orc wizards
  A killer bee zombie (D:7)
  A hound skeleton (D:4)
  A howler monkey skeleton (D:7)
  9 gnolls
  5 adders
  A shadow imp (D:7)
  An ufetubus (D:5)
  3 dart slugs
  41 orcs
  2 bats (D:3)
  10 endoplasms
  5 giant cockroaches
  9 goblins
  6 jackals (D:1)
  9 kobolds
  4 quokkas
  4 ball pythons
  2 frilled lizards
  22 rats
320 creatures vanquished.

Vanquished Creatures (collateral kills)
  An orc sorcerer (Orc:2)
  An acid dragon (Orc:2)
  A centaur zombie (D:10)
  2 orc priests (Orc:2)
5 creatures vanquished.

Vanquished Creatures (others)
  A fungus (Lair:2)
  10 plants (Lair:1)
11 creatures vanquished.

Grand Total: 336 creatures vanquished

Notes
Turn   | Place    | Note
-------+----------+-------------------------------------------
     0 | D:1      | spaghetti the Demonspawn Berserker began the quest for the
                  | Orb.
     0 | D:1      | Reached XP level 1. HP: 18/18 MP: 1/1
   134 | D:1      | Found Zuewyoh's Magic Scroll Emporium.
   145 | D:1      | Reached skill level 3 in Unarmed Combat
   438 | D:1      | Gained mutation: You sometimes gain a little power by
                  | taking damage. [demonic ancestry]
   438 | D:1      | Reached XP level 2. HP: 13/24 MP: 2/2
   731 | D:1      | Found a faded altar of an unknown god.
  1219 | D:2      | Gained mutation: You have large cloven feet. [demonic
                  | ancestry]
  1219 | D:2      | Reached XP level 3. HP: 22/29 MP: 3/3
  1226 | D:2      | Reached ** piety under Trog
  1240 | D:2      | Reached skill level 4 in Unarmed Combat
  2032 | D:3      | Reached XP level 4. HP: 35/35 MP: 4/4
  2114 | D:3      | Found Uczax's Assorted Antiques.
  2530 | D:4      | Reached skill level 5 in Unarmed Combat
  2869 | D:4      | Reached XP level 5. HP: 36/41 MP: 5/5
  2968 | D:4      | Reached *** piety under Trog
  2997 | D:4      | Found a staircase to the Ecumenical Temple.
  3253 | D:4      | Found a hide-covered altar of Uskayaw.
  3273 | D:4      | Found a broken altar of Ashenzari.
  3566 | D:5      | Entered Level 5 of the Dungeon
  3592 | D:5      | Noticed a phantom
  3602 | D:5      | Killed a phantom
  3603 | D:5      | Reached skill level 6 in Unarmed Combat
  3603 | D:5      | Reached skill level 1 in Evocations
  3603 | D:5      | Gained mutation: You have hoof-like feet. [demonic
                  | ancestry]
  3603 | D:5      | Reached XP level 6. HP: 40/47 MP: 6/6
  4003 | D:5      | Found a sacrificial altar of Ru.
  4065 | D:5      | Gained mutation: You have a somewhat thin skeletal
                  | structure. (Dex +2, Stealth+) [demonic ancestry]
  4065 | D:5      | Reached XP level 7. HP: 48/52 MP: 7/7
  5130 | D:6      | Reached skill level 7 in Unarmed Combat
  5950 | D:7      | Reached skill level 5 in Evocations
  5950 | D:7      | Reached XP level 8. HP: 51/58 MP: 8/8
  6149 | D:7      | Noticed a two-headed ogre
  6157 | D:7      | Reached skill level 8 in Unarmed Combat
  6474 | D:8      | Noticed a cyclops
  6543 | D:9      | Found a staircase to the Orcish Mines.
  6578 | D:9      | Noticed Erica
  6594 | D:9      | Killed Erica
  6595 | D:9      | Reached skill level 10 in Unarmed Combat
  6595 | D:9      | Gained mutation: You sometimes gain power by taking damage.
                  | [demonic ancestry]
  6595 | D:9      | Reached XP level 9. HP: 63/63 MP: 9/9
  6746 | D:7      | Reached **** piety under Trog
  6923 | D:3      | Bought a helmet for 112 gold pieces
  6923 | D:3      | Bought a scroll of teleportation for 75 gold pieces
  7113 | D:8      | Paralysed by a hornet for 2 turns
  7244 | D:8      | Reached skill level 11 in Unarmed Combat
  7521 | D:7      | Killed a two-headed ogre
  7522 | D:7      | Reached skill level 12 in Unarmed Combat
  7920 | D:8      | Killed a cyclops
  7921 | D:8      | Gained mutation: You are powered by pain. [demonic
                  | ancestry]
  7921 | D:8      | Reached XP level 10. HP: 70/70 MP: 10/10
  8342 | D:9      | Reached skill level 13 in Unarmed Combat
  8369 | D:9      | Found a staircase to the Lair.
  8706 | D:10     | Entered Level 10 of the Dungeon
  8871 | D:10     | Found a large runed translucent door.
  8871 | D:10     | Found a large runed translucent door.
  8877 | D:10     | Noticed a red ugly thing
  8882 | D:10     | Noticed a two-headed ogre
  8905 | D:10     | Killed a two-headed ogre
  8975 | D:10     | Noticed a harpy
  8975 | D:10     | a human changed into a harpy
  8992 | D:10     | Reached skill level 14 in Unarmed Combat
  9008 | D:10     | Found a large runed translucent door.
  9008 | D:10     | Found a large runed translucent door.
  9011 | D:10     | Noticed a purple ugly thing
  9031 | D:10     | Killed a purple ugly thing
  9051 | D:10     | Noticed a tengu warrior
  9069 | D:10     | Killed a tengu warrior
  9098 | D:10     | Noticed a guardian serpent
  9098 | D:10     | a polar bear changed into a guardian serpent
  9109 | D:10     | Noticed a black mamba
  9109 | D:10     | a guardian serpent changed into a black mamba
  9121 | D:10     | a black mamba changed into a polar bear
  9234 | D:10     | Gained mutation: You have hooves in place of feet. [demonic
                  | ancestry]
  9234 | D:10     | Reached XP level 11. HP: 52/75 MP: 11/11
  9265 | D:10     | Paralysed by a hornet for 2 turns
  9269 | D:10     | Reached skill level 15 in Unarmed Combat
  9344 | D:10     | Found a runed translucent gate.
  9347 | D:10     | Found a runed translucent gate.
  9347 | D:10     | Found an opulent altar of Gozag.
  9349 | D:10     | Found a runed translucent gate.
  9350 | D:10     | Noticed a green ugly thing
  9350 | D:10     | Noticed a deep elf pyromancer
  9351 | D:10     | Noticed Arex's ghost (novice TrFi)
  9471 | D:10     | Noticed a radroach
  9614 | D:10     | Noticed a glowing orange brain
  9883 | D:11     | Found a burning altar of Makhleb.
  9907 | D:11     | Noticed Grum
  9924 | D:11     | Killed Grum
 10329 | D:12     | Found a gate leading to a gauntlet.
 10376 | D:12     | Gained mutation: You sometimes lose the ability to read
                  | scrolls when taking damage. [potion of mutation]
 10547 | D:12     | Reached skill level 16 in Unarmed Combat
 10636 | D:12     | Noticed a purple ugly thing
 10649 | D:12     | Killed a purple ugly thing
 10731 | D:12     | Noticed a death knight
 10746 | D:12     | Killed a death knight
 10822 | D:12     | Noticed a skeletal warrior
 10829 | D:12     | Killed a skeletal warrior
 11116 | D:12     | Reached skill level 17 in Unarmed Combat
 11198 | D:12     | Reached XP level 12. HP: 80/81 MP: 12/12
 11516 | D:12     | Found a bloodstained altar of Trog.
 12035 | D:10     | Killed Arex's ghost
 12219 | Orc:1    | Entered Level 1 of the Orcish Mines
 12355 | Orc:1    | Paralysed by an orc sorcerer for 7 turns
 12366 | Orc:1    | Reached skill level 18 in Unarmed Combat
 12652 | Orc:2    | Entered Level 2 of the Orcish Mines
 12711 | Orc:2    | Found a staircase to the Elven Halls.
 12878 | Orc:2    | Noticed an orc warlord
 12893 | Orc:2    | Killed an orc warlord
 12954 | Orc:2    | Noticed an ettin
 12956 | Orc:2    | Noticed an orc high priest
 12996 | Orc:2    | Killed an orc high priest
 12997 | Orc:2    | Reached skill level 5 in Fighting
 13111 | Orc:2    | Reached skill level 5 in Dodging
 13434 | Orc:2    | Noticed Nergalle
 13463 | Orc:2    | Killed Nergalle
 13629 | Orc:2    | Killed an ettin
 13648 | Orc:2    | Paralysed by an orc sorcerer for 3 turns
 13663 | Orc:2    | Gained mutation: Your demonic aura sometimes causes spilled
                  | blood to erupt in flames. [demonic ancestry]
 13663 | Orc:2    | Reached XP level 13. HP: 40/95 MP: 13/13
 13847 | Orc:2    | Found Omnitt's Jewellery Emporium.
 13863 | Orc:2    | Found Taameteh's Antique Armour Emporium.
 13871 | Orc:2    | Bought a shiny helmet for 195 gold pieces
 13902 | Orc:2    | Found Qebejodgh's Antique Weapon Emporium.
 13917 | Orc:2    | Found Zeagep's General Store.
 14129 | Lair:1   | Entered Level 1 of the Lair of Beasts
 15157 | Lair:2   | Found a staircase to the Snake Pit.
 15176 | Lair:2   | HP: 1/96 [wolf (7)]
 15176 | Lair:2   | Slain by a seven-headed hydra

Illustrated notes

Levels and vault maps discovered:
D:1:      lightli_arrival_noodles, layout_rooms,
          hellmonk_ecumenical_altar_dog_temple, serial_shops, shop,
          minmay_tromino_v4_a
D:2:      layout_basic, minmay_rat_hole
D:3:      layout_loops_ring, serial_shops, shop_fountains,
          kennysheep_generic_room_13
D:4:      layout_basic, chequers_temple_overflow_statue_of_worship,
          minmay_temple_entry_wispy
D:5:      nicolae_cairo_tiling_large_dashed, layout_cave_pods,
          hangedman_ru_absence, st_stairs_2
D:6:      layout_loops_cross
D:7:      layout_rooms, dk_noncrumbling_2, minmay_manual_mess
D:8:      layout_loops_corners, enter_bailey_3
D:9:      layout_basic, nicolae_overflow_hidden_temple, lair_entry_dummy,
          orc_0_dummy, kennysheep_boxes, uniq_erica
D:10:     layout_roguey, ebering_ghost_gozag, minmay_hollow_rounded_squares
D:11:     layout_irregular_city, bloody_makhleb, uniq_grum
D:12:     minmay_razor_zed, layout_layer_cave, gauntlet_entry_generic,
          nrook_mini_vaults, trog_butcher_becter
Lair:1:   beast_lair_carwin_large_2, layout_cave_pods, grunt_megastairs_2
Lair:2:   layout_big_grid, guppyfry_snake_entry_island, st_stairs_7,
          eino_house_with_fridge
Orc:1:    layout_caves
Orc:2:    grunt_orc_cross, layout_diamond_mine

Skill      XL: |  1  2  3  4  5  6  7  8  9 10 11 12 13 |
---------------+----------------------------------------+-----
Unarmed Combat | 3 4 5 6 7 10 12 14 17 18 | 18.0
Evocations     | 1 3 5 |  5.0
Dodging        | 5 6 |  6.5
Fighting       | 6 7 |  7.5
Armour         | |  1.7

Action                   |  1- 3 |  4- 6 |  7- 9 | 10-12 | 13-15 || total
-------------------------+-------+-------+-------+-------+-------++-------
Melee: Unarmed           |   156 |   123 |   263 |   481 |    72 ||  1095
       Kick              |    19 |    28 |    72 |   156 |    23 ||   298
       Punch             |     1 |     2 |    17 |    48 |     6 ||    74
 Fire: Hunting sling     |       |       |     5 |    11 |       ||    16
Invok: Berserk           |     1 |     1 |     9 |    15 |       ||    26
       Brothers in Arms  |       |       |       |     3 |       ||     3
Evoke: Wand              |       |       |     2 |       |       ||     2
  Use: Potion            |     1 |       |     5 |     9 |     1 ||    16
       Scroll            |       |     7 |     5 |     6 |       ||    18
 Stab: Sleeping          |     2 |       |     2 |     5 |     1 ||    10
       Paralysed         |       |       |     9 |       |       ||     9
Armor: Animal skin       |    46 |    45 |    45 |       |       ||   136
       Robe              |       |       |    33 |    70 |       ||   103
       Acid dragon scale |       |       |       |    49 |       ||    49
       Troll leather arm |       |       |       |    65 |    78 ||   143
       Skin              |       |       |       |     3 |       ||     3
Dodge: Dodged            |    76 |    59 |   126 |   275 |    57 ||   593
